 Dungeon Crawl Stone Soup version 0.17-a0-977-g4154171 (webtiles) character file.

31 Hanyuu the Insei (level 3, 0/23 HPs)
             Began as an Octopode Transmuter on May 10, 2015.
             Succumbed to poison (a potion of poison)
             ... on level 2 of the Dungeon.
             The game lasted 00:03:35 (1231 turns).

Hanyuu the Insei (Octopode Transmuter)              Turns: 1231, Time: 00:03:35

Health: 0/23       AC:  1    Str: 14    XL:     3   Next: 22%
Magic:  6/6        EV: 12    Int: 16    God:
Gold:   109        SH:  0    Dex: 12    Spells: 2 memorised, 3 levels left

rFire  . . .     SeeInvis .       - Unarmed
rCold  . . .     Clarity  .     (no shield)
rNeg   . . .     SustAb   .     (helmet restricted)
rPois  .         Gourm    .     (no amulet)
rElec  .         Spirit   .     (no ring)
rCorr  .         Warding  .     (no ring)
rMut   .         Stasis   .     (no ring)
MR     .....                    (no ring)
Stlth  ++........               (no ring)
                                (no ring)
                                (no ring)
                                (no ring)

@: mighty, lethally poisoned (0 -> -16), very slightly contaminated, invisible,
not resistant to hostile enchantments, unstealthy
A: almost no armour, amphibious, 8 rings, constrict 8, camouflage 1, gelatinous
body 1
a: no special abilities


You were on level 2 of the Dungeon.
You were not hungry.

You visited 1 branch of the dungeon, and saw 2 of its levels.

You collected 109 gold pieces.

Inventory:

Missiles
 a - 28 arrows
Scrolls
 d - a scroll of fear {unknown}
 g - a scroll of recharging
 h - 2 scrolls of identify
 i - a scroll of remove curse
Potions
 k - 2 potions of degeneration
Books
 b - a book of Changes

   Spells                             Type                      Level
   a - Beastly Appendage              Transmutation                1
   b - Sticks to Snakes               Transmutation                2
   c - Spider Form                    Transmutation/Poison         3
   d - Ice Form                       Ice/Transmutation            4
   e - Blade Hands                    Transmutation                5
Comestibles
 c - a bread ration
 f - 3 chunks of flesh


   Skills:
 - Level 1.0 Fighting
 - Level 2.0 Dodging
 + Level 4.2 Unarmed Combat
 - Level 2.0 Spellcasting
 - Level 2.0 Transmutations


You had 3 spell levels left.
You knew the following spells:

 Your Spells              Type           Power        Failure   Level  Hunger
a - Beastly Appendage     Trmt           #.....       10%         1    #......
b - Sticks to Snakes      Trmt           #.........   14%         2    ###....


Dungeon Overview and Level Annotations

Branches:
Dungeon (2/15)

Altars:


Innate Abilities, Weirdness & Mutations

You cannot wear most types of armour.
You are amphibious.
You can wear up to eight rings at the same time.
You can use your tentacles to constrict eight enemies at once.
Your skin changes colour to match your surroundings (Stealth).
Your rubbery body absorbs attacks (AC +1).


Message History

* * * LOW HITPOINT WARNING * * *
You feel sick.
There is a stone staircase leading down here.
Drink which item? (? for menu, Esc to quit)
It was a potion of invisibility.
You fade into invisibility!
* * * LOW HITPOINT WARNING * * *
You feel sick.
You are very lightly contaminated with residual magic.
An ooze comes into view.
Drink which item? (? for menu, Esc to quit)
It was a potion of poison.
That liquid tasted very nasty...
You are lethally poisoned!
* * * LOW HITPOINT WARNING * * *
You feel sick.
Drink which item? (? for menu, Esc to quit)
It was a potion of might.
You feel very mighty all of a sudden.
You die...

###....#.##.###.##...
............>........
###.##...##.###......#
....####..#.##.J.# .#
.#### #.......#.# #.#
#.
......)#.....#.###.#
...
######.##.##...#...#
..#
#.##.####.#...###.#
#.##.# #@........#
..##.# #?....(..#
...... #....).#.# ##
#.# #......#
..##..#.....#
.####.#....## #....†##
###.#........
#.#.##.....


You could see an ooze (wandering).

Vanquished Creatures
  An adder (D:2)
  2 giant geckos
  3 giant cockroaches (D:1)
  5 hobgoblins
  2 bats (D:1)
  A giant newt (D:2)
  A goblin (D:2)
  3 kobolds
  3 rats
21 creatures vanquished.

Notes
Turn   | Place    | Note
--------------------------------------------------------------
     0 | D:1      | Hanyuu, the Octopode Transmuter, began the quest for the Orb.
     0 | D:1      | Reached XP level 1. HP: 13/13 MP: 3/3
   547 | D:1      | Reached XP level 2. HP: 6/18 MP: 5/5
  1042 | D:1      | Learned a level 2 spell: Sticks to Snakes
  1185 | D:2      | Reached skill level 4 in Unarmed Combat
  1213 | D:2      | Reached XP level 3. HP: 6/23 MP: 6/6
  1230 | D:2      | HP: 1/23 [poison (a potion of poison)]
  1231 | D:2      | Succumbed to poison (a potion of poison)

Vault maps used:
D:1:      noname_arrival_rooms_in_the_neighbourhood
D:2:      first_bread

Action                   || total
-------------------------++-------
Melee: Whip              ||    22
       Unarmed           ||    22
 Cast: Beastly Appendage ||     1
  Use: Scroll            ||     3
       Potion            ||     3
 Stab: Sleeping          ||     2
  Eat: Chunk             ||     1
